[Event "Czech Youth U14 Boys 2024"]
[Site "Kouty nad Desnou"]
[Date "2024.03.14"]
[Round "7.2"]
[White "Topencik, Bruno"]
[Black "Popov, Roman"]
[Result "1-0"]
[ECO "B12"]
[WhiteElo "2006"]
[BlackElo "2353"]
[Annotator "TA"]
[PlyCount "71"]
[EventDate "2024.03.10"]
[EventType "swiss"]
[EventCountry "CZE"]
[SourceTitle "playchess.com"]
[Source "ChessBase"]
[SourceQuality "1"]
[TimeControl "40/5400+30:1800+30"]

1. e4 c6 2. d4 d5 3. e5 c5 4. dxc5 Nc6 5. a3 e6 6. Nf3 Bxc5 7. b4 $1 Be7 8. Bb2 {[%emt 0:00:56] White is slightly better.} Qc7 9. Bd3 f6 10. O-O fxe5 11. b5 Nd8 ({Black should play} 11... Bf6 $14) 12. Nxe5 $16 Nf6 {[%emt 0:02:52] Repels Qh5+} 13. Nd2 O-O 14. Ndf3 Bd6 15. Re1 Bd7 (15... Nf7 $16 16. c4 Nxe5 17. Bxe5 Bxe5 18. Nxe5 Qc5) 16. Qd2 (16. Rc1 $18) 16... Be8 17. h3 (17. c4 $16) 17... Rc8 ({Black should try} 17... Bh5 $14) 18. Rad1 (18. c4 $16) 18... Qb6 (18... Nf7 $14) 19. Bd4 ({Better is} 19. c4 $18) 19... Bc5 20. Bxc5 Qxc5 21. a4 Nf7 22. Nxf7 Bxf7 23. Ne5 Qd6 24. Qg5 Nd7 {[%emt 0:02:46] [#]} 25. Qh4 $1 {[%emt 0:01:35][%csl Gd3][%cal Rh4h7] White is much more active.} h6 26. Nxd7 Qxd7 27. Re3 Qd8 28. Qg3 $40 {[%emt 0:00:59][%mdl 128] White has some attack.} (28. Qd4 $14 {should be considered.} Qb6 29. Qa1) 28... Qc7 29. Re5 (29. Qxc7 {simplifies} Rxc7 30. f4 Re8 31. Kf2) 29... Rce8 (29... Qa5 $14) 30. Rde1 Kh8 31. Qe3 Bg8 (31... Ra8 $16) 32. Qxa7 $18 Rf6 (32... Rc8 $142 33. Qd4 Qc3 34. Qxc3 Rxc3) 33. Rxd5 exd5 $2 (33... Ref8 34. Rc5 Qf7) 34. Rxe8 Qf4 35. Qa8 {[%emt 0:05:25][%csl Ga8][%cal Re8g8] [#]} Qxf2+ 36. Kh1 {[%emt 0:00:11] Weighted Error Value: White=0.24 (precise) /Black=0.66.  Mistake:       	White=5     	Black=8      Inaccurate:     	White=1     	Black=4      OK:         	White=8     	Black=8      Best:        	White=3     	Black=1      Strong:       	White=1     	---} 1-0

[Event "Czech Youth U14 Boys 2024"]
[Site "Kouty nad Desnou"]
[Date "2024.03.14"]
[Round "7.3"]
[White "Martirosyan, David"]
[Black "Mydlar, Matej"]
[Result "1-0"]
[ECO "A04"]
[WhiteElo "1981"]
[BlackElo "1819"]
[Annotator "RC"]
[PlyCount "69"]
[EventDate "2024.03.10"]
[EventType "swiss"]
[EventCountry "CZE"]
[SourceTitle "playchess.com"]
[Source "ChessBase"]
[SourceQuality "1"]
[TimeControl "40/5400+30:1800+30"]

1. Nf3 c5 2. c4 Nc6 3. d4 cxd4 4. Nxd4 Nf6 5. Nc3 d6 6. e4 g6 7. Be2 Bg7 8. Be3 O-O 9. h3 Bd7 10. O-O Nxd4 11. Bxd4 Bc6 12. Qc2 Nd7 13. Bxg7 Kxg7 14. b4 b6 15. Rad1 f5 16. exf5 Rxf5 17. Bg4 Rf8 18. Nd5 Nf6 19. Be6 Bd7 20. Rfe1 Bxe6 21. Rxe6 Nxd5 22. cxd5 Rc8 23. Qe4 Rf7 24. Re1 Rc7 25. b5 Qf8 26. a4 Kg8 27. Qe2 Qc8 28. Qe3 Rc3 29. Qg5 Qc5 30. R1e2 Rc1+ 31. Kh2 Rd1 32. Rxe7 Qxd5 33. Qh6 Qf5 34. Re8+ Rf8 35. R2e7 1-0

[Event "Czech Youth U14 Boys 2024"]
[Site "Kouty nad Desnou"]
[Date "2024.03.14"]
[Round "7.4"]
[White "Svadlenka, Michal"]
[Black "Vana, Jan"]
[Result "0-1"]
[ECO "B32"]
[WhiteElo "1869"]
[BlackElo "1908"]
[Annotator "RC"]
[PlyCount "82"]
[EventDate "2024.03.10"]
[EventType "swiss"]
[EventCountry "CZE"]
[SourceTitle "playchess.com"]
[Source "ChessBase"]
[SourceQuality "1"]
[TimeControl "40/5400+30:1800+30"]

1. e4 c5 2. Nf3 Nc6 3. d4 cxd4 4. Nxd4 e5 5. Nb5 d6 6. N1c3 a6 7. Na3 Be7 8. Be2 b5 9. Nd5 Nf6 10. Be3 Nxd5 11. exd5 Nd4 12. Bxd4 exd4 13. Qxd4 O-O 14. c3 Bf6 15. Qd2 Rb8 16. Nc2 Qb6 17. O-O a5 18. a3 Qc5 19. Rad1 Bf5 20. Ne3 Bg6 21. Ng4 b4 22. Nxf6+ gxf6 23. axb4 axb4 24. c4 b3 25. Qc3 Kg7 26. Ra1 Rb4 27. Ra6 Rb6 28. Rfa1 Re8 29. Kf1 Qc7 30. Bd3 Rxa6 31. Rxa6 Qe7 32. Ra1 Qe5 33. Qxe5 Bxd3+ 34. Kg1 Rxe5 35. Rc1 Re4 36. c5 dxc5 37. f3 Rc4 38. Rd1 Bc2 39. Rd2 Rd4 40. Rxd4 cxd4 41. d6 Kf8 0-1

[Event "Czech Youth U14 Boys 2024"]
[Site "Kouty nad Desnou"]
[Date "2024.03.14"]
[Round "7.5"]
[White "Komarek, Tobias"]
[Black "Krivka, Matej"]
[Result "0-1"]
[ECO "E68"]
[WhiteElo "1822"]
[BlackElo "1850"]
[Annotator "NA RC"]
[PlyCount "40"]
[EventDate "2024.03.10"]
[EventType "swiss"]
[EventCountry "CZE"]
[SourceTitle "playchess.com"]
[Source "ChessBase"]
[SourceQuality "1"]
[TimeControl "40/5400+30:1800+30"]

1. d4 Nf6 2. c4 g6 3. g3 Bg7 4. Bg2 d6 5. Nc3 O-O 6. Nf3 Nbd7 7. O-O e5 8. e4 c6 9. b3 exd4 10. Nxd4 Nc5 11. Ba3 Re8 12. Re1 Qb6 13. Nc2 $2 (13. h3 $11) 13... Ng4 14. e5 Nxb3 15. axb3 Qxf2+ 16. Kh1 Bf5 $17 (16... Rxe5 $19 {has better winning chances.} 17. Rc1 Bf5) 17. Ra2 Bxe5 18. Ne3 Bxc3 19. Rxf2 Nxf2+ 20. Kg1 Nxd1 0-1

[Event "Czech Youth U14 Boys 2024"]
[Site "Kouty nad Desnou"]
[Date "2024.03.14"]
[Round "7.6"]
[White "Stara, Zuzana"]
[Black "Kutil, Adam"]
[Result "1-0"]
[ECO "B40"]
[WhiteElo "1807"]
[BlackElo "1820"]
[Annotator "NA RC"]
[PlyCount "25"]
[EventDate "2024.03.10"]
[EventType "swiss"]
[EventCountry "CZE"]
[SourceTitle "playchess.com"]
[Source "ChessBase"]
[SourceQuality "1"]
[TimeControl "40/5400+30:1800+30"]

1. e4 c5 2. Nf3 e6 3. b3 b6 4. Bb2 Bb7 5. Bd3 Nf6 6. Qe2 Be7 7. c4 O-O 8. O-O d5 9. cxd5 exd5 10. e5 Ne8 11. e6 f6 12. Nh4 Nd6 13. Bxh7+ 1-0

[Event "Czech Youth U14 Boys 2024"]
[Site "Kouty nad Desnou"]
[Date "2024.03.14"]
[Round "7.7"]
[White "Pogorelskiy, Boris"]
[Black "Sotek, Simon"]
[Result "0-1"]
[ECO "B01"]
[WhiteElo "1747"]
[BlackElo "1793"]
[Annotator "NA RC"]
[PlyCount "82"]
[EventDate "2024.03.10"]
[EventType "swiss"]
[EventCountry "CZE"]
[SourceTitle "playchess.com"]
[Source "ChessBase"]
[SourceQuality "1"]
[TimeControl "40/5400+30:1800+30"]

1. e4 d5 2. exd5 Nf6 3. Nf3 Nxd5 4. d4 Bg4 5. c4 Nf6 6. Be2 e6 7. O-O c6 8. Nc3 Nbd7 9. h3 Bh5 10. Bf4 Nb6 11. Ne5 Bxe2 12. Nxe2 Nfd7 13. Rc1 Nxe5 14. dxe5 Be7 15. Ng3 O-O 16. Qg4 Qd3 17. Rfd1 Qg6 18. Qxg6 fxg6 19. Be3 Rfd8 20. b3 Nd7 21. Ne4 Nxe5 22. Rxd8+ Rxd8 23. Bxa7 Nf7 24. Re1 e5 25. Bb6 Rd7 26. Re2 Ng5 27. Nxg5 Bxg5 28. g3 Bf6 29. Ba5 Kf7 30. Bc3 Re7 31. Kg2 e4 32. Re3 Bxc3 33. Rxc3 Kf6 34. Kf1 Ke5 35. Ke2 Kd4 36. Re3 Rf7 37. c5 Rf3 38. b4 Rxe3+ 39. fxe3+ Kc3 40. a3 Kc4 41. Ke1 Kd3 0-1

[Event "Czech Youth U14 Boys 2024"]
[Site "Kouty nad Desnou"]
[Date "2024.03.14"]
[Round "7.8"]
[White "Roubal, Matyas"]
[Black "Gregor, Alexandr"]
[Result "1-0"]
[ECO "B30"]
[WhiteElo "1849"]
[BlackElo "1777"]
[Annotator "NA RC"]
[PlyCount "111"]
[EventDate "2024.03.10"]
[EventType "swiss"]
[EventCountry "CZE"]
[SourceTitle "playchess.com"]
[Source "ChessBase"]
[SourceQuality "1"]
[TimeControl "40/5400+30:1800+30"]

1. e4 c5 2. Nf3 Nc6 3. Bb5 e6 4. Bxc6 bxc6 5. O-O Ne7 6. d3 Ng6 7. e5 {[%emt 0:07:57] B30: Sicilian: 2...Nc6 3 Bb5, lines without ...g6.} Qc7 {[%emt 0:03:40] Recently 7...f6 got a lot of attention.} 8. Re1 d6 $146 ({Predecessor:} 8... Be7 9. h4 f6 10. Nbd2 O-O 11. exf6 Bxf6 12. Ne4 Bxh4 13. Nxh4 Nxh4 14. Qh5 Nf5 {1-0 Grover,S (2505)-Lupulescu,C (2640) Al Ain op 3rd 2014 (6)}) 9. exd6 Bxd6 10. Nbd2 Rb8 11. Ne4 f6 12. Nxd6+ Qxd6 13. Nd2 Kf7 14. Ne4 Qd5 15. b3 h5 (15... Rd8 $16 {war einen Versuch wert.} 16. Be3 Kg8) 16. c4 Qd8 17. Nxc5 e5 18. Qf3 h4 19. Qxc6 h3 20. g3 Ne7 21. Qf3 Nf5 22. Bb2 Qc7 23. Ne4 a5 24. Bc3 Kg8 (24... Qd7 $142 25. Rad1 (25. Bxa5 Nd4 $11) 25... Nd4 26. Bxd4 Qxd4) 25. Nd2 Ne7 26. Qe2 Bb7 27. d4 exd4 28. Bxd4 ({Not} 28. Qxe7 Qxe7 29. Rxe7 dxc3 $16) 28... Kf8 {[%emt 0:02:02] [#]} 29. Bb6 $1 Qxb6 30. Qxe7+ Kg8 31. Qe6+ (31. Rad1 $142) 31... Qxe6 32. Rxe6 Kf7 33. Rae1 Kg6 34. Ne4 Bc8 35. Re7 a4 36. Nc5 axb3 37. axb3 Bf5 38. Rb7 ({Günstiger ist} 38. f3 $18) 38... Rxb7 39. Nxb7 Rb8 (39... Ra8 $142 40. Nd6 Ra3) 40. Na5 Bc2 41. Rc1 Be4 42. f4 Kf5 43. Kf2 Kg4 44. Rd1 Bc2 45. Rd2 Be4 46. Rd7 g5 47. fxg5 fxg5 48. Rd4 Kf5 49. c5 Ke5 50. Ke3 Bg2 $18 51. c6 Rc8 52. b4 Rb8 53. Rc4 Bd5 54. c7 Rc8 55. Rc5 Kd6 56. Kd4 1-0

[Event "Czech Youth U14 Boys 2024"]
[Site "Kouty nad Desnou"]
[Date "2024.03.14"]
[Round "7.9"]
[White "Jezek, Jakub"]
[Black "Stary, Vojtech"]
[Result "1-0"]
[ECO "B48"]
[WhiteElo "1854"]
[BlackElo "1950"]
[Annotator "RC"]
[PlyCount "53"]
[EventDate "2024.03.10"]
[EventType "swiss"]
[EventCountry "CZE"]
[SourceTitle "playchess.com"]
[Source "ChessBase"]
[SourceQuality "1"]
[TimeControl "40/5400+30:1800+30"]

1. e4 c5 2. Nf3 Nc6 3. d4 cxd4 4. Nxd4 e6 5. Nc3 Qc7 6. Be3 a6 7. a3 Nf6 8. Be2 Be7 9. O-O O-O 10. f4 d6 11. Bf3 Bd7 12. Nxc6 Bxc6 13. g4 Rfd8 14. g5 Nd7 15. Qe1 b5 16. Qg3 Nb6 17. f5 Nc4 18. Bd4 exf5 19. exf5 Nd2 20. Bxc6 Nxf1 21. Qg2 Rab8 22. Nd5 Qa5 23. b4 Qa4 24. Nxe7+ Kf8 25. Bd5 Ne3 26. Bxe3 Kxe7 27. Bb3 1-0

[Event "Czech Youth U14 Boys 2024"]
[Site "Kouty nad Desnou"]
[Date "2024.03.14"]
[Round "7.10"]
[White "Migalko, Dmitriy"]
[Black "Svadlenka, Dominik"]
[Result "0-1"]
[ECO "B40"]
[WhiteElo "1896"]
[BlackElo "1888"]
[Annotator "NA RC"]
[PlyCount "76"]
[EventDate "2024.03.10"]
[EventType "swiss"]
[EventCountry "CZE"]
[SourceTitle "playchess.com"]
[Source "ChessBase"]
[SourceQuality "1"]
[TimeControl "40/5400+30:1800+30"]

1. e4 c5 2. Nf3 e6 3. c3 d5 4. exd5 exd5 5. d4 Nf6 6. Be2 Nc6 {[%emt 0:00:37] B22: Sizilianisch (Alapin 2.c3).} 7. Bg5 Be6 8. dxc5 Bxc5 9. O-O O-O 10. Nbd2 h6 11. Bxf6 Qxf6 12. Nb3 Bd6 13. Nbd4 Rad8 14. Re1 Bg4 15. Qd2 Bc5 16. Nxc6 bxc6 17. Nd4 Bxe2 18. Rxe2 Rfe8 19. Rae1 Rxe2 20. Rxe2 Bb6 21. b4 c5 22. bxc5 Bxc5 23. g3 Bb6 24. Qd3 g6 25. Nb3 Qc6 26. Rd2 a5 27. Nd4 Qf6 28. Nb5 Kg7 29. Kg2 h5 30. Qf3 Qc6 31. a4 Qc4 $11 32. Qe2 Qxa4 33. Qe5+ Kh7 34. Rxd5 Qa2 35. Nd6 Qxf2+ 36. Kh3 Qf1+ 37. Kh4 Rd7 38. Ne8 Bd8+ 0-1

[Event "Czech Youth U14 Boys 2024"]
[Site "Kouty nad Desnou"]
[Date "2024.03.14"]
[Round "7.11"]
[White "Trcalek, Filip"]
[Black "Macosek, Alex"]
[Result "0-1"]
[ECO "B13"]
[WhiteElo "1615"]
[BlackElo "1781"]
[Annotator "NA RC"]
[PlyCount "86"]
[EventDate "2024.03.10"]
[EventType "swiss"]
[EventCountry "CZE"]
[SourceTitle "playchess.com"]
[Source "ChessBase"]
[SourceQuality "1"]
[TimeControl "40/5400+30:1800+30"]

1. e4 c6 2. d4 d5 3. exd5 cxd5 4. Bd3 Nf6 5. h3 Nc6 6. c3 e6 7. Nf3 Bd6 8. O-O O-O 9. Re1 Qc7 10. Nbd2 Na5 11. Ne5 a6 12. Ndf3 b5 13. a3 Nc4 14. Qe2 Nd7 15. Nxc4 bxc4 16. Bc2 Rb8 17. Rb1 Kh8 18. Qe3 a5 19. Qe2 Ba6 20. Qd2 Rb7 21. Qg5 Nf6 22. Qh4 Kg8 23. Bg5 Ne4 24. Bxe4 dxe4 25. Qxe4 Rfb8 26. Qc2 Rb6 27. a4 Bb7 28. Nd2 Qc6 29. Nf3 Ba8 30. Bc1 Rb3 31. Ra1 h6 32. Qd2 Qd5 33. Qe2 Bc6 34. Ra2 Re8 35. Qd2 f5 36. Qe2 g5 37. Qf1 g4 38. hxg4 fxg4 39. Ne5 h5 40. Nxc6 Qxc6 41. Qe2 e5 42. Qe4 exd4 43. Qxc6 Rxe1# 0-1

[Event "Czech Youth U14 Boys 2024"]
[Site "Kouty nad Desnou"]
[Date "2024.03.14"]
[Round "7.12"]
[White "Srba, Daniel"]
[Black "Lorenc, Matej"]
[Result "1-0"]
[ECO "B44"]
[WhiteElo "1742"]
[BlackElo "1637"]
[Annotator "NA RC"]
[PlyCount "97"]
[EventDate "2024.03.10"]
[EventType "swiss"]
[EventCountry "CZE"]
[SourceTitle "playchess.com"]
[Source "ChessBase"]
[SourceQuality "1"]
[TimeControl "40/5400+30:1800+30"]

1. e4 c5 2. Nf3 Nc6 3. d4 cxd4 4. Nxd4 e6 5. a3 Nf6 6. Nc3 Be7 7. Be3 d5 8. exd5 Nxd5 9. Nxd5 exd5 10. Bd3 Bf6 11. Be2 O-O 12. c3 Nxd4 13. Bxd4 Be6 14. O-O Bxd4 15. Qxd4 Qg5 16. f4 Qg6 17. Bf3 Rfd8 18. Rfe1 Qf6 19. Qxf6 gxf6 20. Rad1 Rac8 21. Rd4 Rc4 22. Red1 b5 23. Be2 Rxd4 24. Rxd4 a6 25. Bf3 f5 26. h3 Kg7 27. g4 Kf6 28. Kf2 h6 29. Kg3 Kg6 30. Kh4 fxg4 31. hxg4 f5 32. gxf5+ Kxf5 33. Bg4+ Kf6 34. Bxe6 Kxe6 35. Kg4 Rc8 36. Rd2 Rc6 37. Rd3 Rd6 38. f5+ Kf6 39. Kf4 Rd7 40. Rh3 Rh7 41. Rh2 h5 42. Re2 h4 43. Re6+ Kf7 44. Rxa6 Rh8 45. Kg5 h3 46. Ra7+ Kg8 47. Kg6 Rh6+ 48. Kxh6 h2 49. Kg6 1-0

[Event "Czech Youth U14 Boys 2024"]
[Site "Kouty nad Desnou"]
[Date "2024.03.15"]
[Round "8.1"]
[White "Martirosyan, David"]
[Black "Soucek, Andrej"]
[Result "1/2-1/2"]
[ECO "A20"]
[WhiteElo "1981"]
[BlackElo "1825"]
[Annotator "RC"]
[PlyCount "142"]
[EventDate "2024.03.10"]
[EventType "swiss"]
[EventCountry "CZE"]
[SourceTitle "playchess.com"]
[Source "ChessBase"]
[SourceQuality "1"]
[TimeControl "40/5400+30:1800+30"]

1. c4 e5 2. d3 Nc6 3. Nf3 Nf6 4. a3 a5 5. g3 d5 6. cxd5 Nxd5 7. Bg2 Be7 8. O-O O-O 9. Bd2 Be6 10. Qa4 f6 11. Nc3 Nb6 12. Qd1 a4 13. Be3 Bb3 14. Qc1 Na5 15. Nd2 c6 16. Nce4 Nd5 17. Bc5 b6 18. Bxe7 Nxe7 19. Nxb3 Nxb3 20. Qc4+ Kh8 21. Rad1 b5 22. Qc3 Nd5 23. Qxc6 Nd4 24. Qd6 Nxe2+ 25. Kh1 Nd4 26. Rc1 Qxd6 27. Nxd6 Rad8 28. Nb7 Rd7 29. Rc5 Rxb7 30. Rxd5 Rbb8 31. f4 Rfd8 32. fxe5 Rxd5 33. Bxd5 fxe5 34. Re1 Re8 35. Bf7 Re7 36. Rc1 g6 37. Rc8+ Kg7 38. Bd5 Rd7 39. Be4 h6 40. Kg2 g5 41. Rb8 Rc7 42. Rb7 Rxb7 43. Bxb7 Kf6 44. Kf2 Kf5 45. Bc8+ Kf6 46. Ke3 Ke7 47. Ke4 Kd6 48. Bg4 Nc2 49. Bd1 Nd4 50. h3 Ke6 51. Bh5 Nc2 52. Bf3 Nd4 53. Bg4+ Kd6 54. Bc8 Nc2 55. Bg4 Nd4 56. h4 gxh4 57. gxh4 Nc2 58. Bh3 b4 59. axb4 Nxb4 60. Bg4 Na6 61. d4 exd4 62. Kxd4 Nc5 63. Bf3 Nb3+ 64. Kc3 Nc5 65. Be2 Kd5 66. Kb4 Kd4 67. Bb5 Kd5 68. Bc4+ Kc6 69. Bb5+ Kd5 70. Bxa4 Nd3+ 71. Kc3 Nxb2 1/2-1/2

[Event "Czech Youth U14 Boys 2024"]
[Site "Kouty nad Desnou"]
[Date "2024.03.15"]
[Round "8.2"]
[White "Vana, Jan"]
[Black "Topencik, Bruno"]
[Result "0-1"]
[ECO "B14"]
[WhiteElo "1908"]
[BlackElo "2006"]
[Annotator "RC"]
[PlyCount "100"]
[EventDate "2024.03.10"]
[EventType "swiss"]
[EventCountry "CZE"]
[SourceTitle "playchess.com"]
[Source "ChessBase"]
[SourceQuality "1"]
[TimeControl "40/5400+30:1800+30"]

1. e4 c6 2. d4 d5 3. exd5 cxd5 4. c4 Nf6 5. Nc3 g6 6. cxd5 Bg7 7. Bc4 O-O 8. Nf3 Nbd7 9. O-O Nb6 10. Bb3 Nbxd5 11. Re1 Bg4 12. h3 Bxf3 13. Qxf3 Nxc3 14. bxc3 Qd7 15. Ba3 Rfe8 16. Rab1 e6 17. Bb2 b5 18. Bc1 Nd5 19. Bxd5 exd5 20. Ba3 a6 21. Kf1 Qc6 22. Qd3 Qc7 23. Kg1 Qa5 24. Bb4 Qxa2 25. Rxe8+ Rxe8 26. Qf1 Qe2 27. Ra1 Qxf1+ 28. Kxf1 Re6 29. Re1 Rxe1+ 30. Kxe1 Bf8 31. Ba5 Bd6 32. Ke2 Kf8 33. Kf3 Ke8 34. Kg4 h6 35. h4 f5+ 36. Kf3 h5 37. Ke3 Kd7 38. f4 Kc6 39. g3 b4 40. cxb4 Kb5 41. Kd3 Bxb4 42. Bd8 Be1 43. Bg5 Kb4 44. Ke2 Bxg3 45. Kf3 Be1 46. Ke2 Bc3 47. Kd3 Kb3 48. Be7 a5 49. Bc5 a4 50. Ba3 Bb4 0-1

[Event "Czech Youth U14 Boys 2024"]
[Site "Kouty nad Desnou"]
[Date "2024.03.15"]
[Round "8.3"]
[White "Kroulik, Vaclav"]
[Black "Popov, Roman"]
[Result "1/2-1/2"]
[ECO "E11"]
[WhiteElo "1936"]
[BlackElo "2353"]
[Annotator "TA"]
[PlyCount "123"]
[EventDate "2024.03.10"]
[EventType "swiss"]
[EventCountry "CZE"]
[SourceTitle "playchess.com"]
[Source "ChessBase"]
[SourceQuality "1"]
[TimeControl "40/5400+30:1800+30"]

1. d4 Nf6 2. c4 e6 3. Nf3 Bb4+ 4. Nbd2 O-O 5. a3 Bxd2+ 6. Qxd2 d6 7. e3 Qe7 8. Be2 e5 9. Qc3 Nc6 10. dxe5 Nxe5 11. Nxe5 dxe5 12. O-O Bf5 13. b4 Ne4 14. Qb2 (14. Qe1 {is more complex.} Qg5 15. Kh1 Qh4 16. f3) 14... Bg6 (14... Nf6 $11 {remains equal.}) 15. f3 $16 Nf6 16. e4 Rfd8 17. Be3 Ne8 18. Rad1 a6 19. Rd2 f6 20. Rfd1 Bf7 21. Qc3 Nd6 22. Bc5 b6 23. Be3 $36 {[%emt 0:01:16][%mdl 2048] White has the initiative.} b5 24. Bc5 bxc4 {[%emt 0:02:00] [#]} 25. Bxc4 $1 Bxc4 26. Bxd6 cxd6 ({Black should play} 26... Qf7 $14 27. Rc1 Bb5 28. Bxc7 (28. Qxc7 Qb3 $11) 28... Rxd2 29. Qxd2 Qe8 30. Qd5+ Kh8) 27. Qxc4+ Kh8 28. Qc6 Rdc8 29. Qxd6 {[%emt 0:01:07] White is much more active.} Qxd6 (29... Qa7+ $16 30. Qc5 Qxc5+ 31. bxc5 Kg8) 30. Rxd6 {[%emt 0:00:06][%mdl 4096] Endgame. KRR-KRR} h5 31. Kf2 Rc3 32. R1d3 Rc2+ 33. Rd2 Rc3 34. R6d3 $1 Rc4 (34... Rc1 $142 35. Kg3 a5) 35. Rd8+ Rxd8 36. Rxd8+ $18 {[%emt 0:00:08] KR-KR} Kh7 37. Ra8 Rc2+ (37... h4 $16) 38. Ke1 $2 (38. Kg3 $18) 38... Rxg2 $11 39. Rxa6 (39. h4 $11) 39... Rxh2 $15 40. b5 Rb2 41. b6 (41. a4 $11) 41... h4 $19 42. Kf1 h3 {[%emt 0:00:00] ( -> ...h2)} 43. Kg1 Kg6 {[%emt 0:00:00] White must now prevent ...Kg5.} 44. a4 {[%emt 0:00:00] [#]} Kg5 $1 45. Ra7 Kf4 $2 (45... Rxb6 $19 46. Rxg7+ Kf4) 46. Rxg7 $2 (46. a5 $17 {nothing else works.} g5 (46... Kxf3 $2 47. Rxg7 h2+ 48. Kh1 $18) 47. Rd7) 46... Rxb6 (46... Kxf3 $2 {perishes.} 47. a5 Rb1+ (47... Kxe4 $2 {is the wrong capture.} 48. b7 $18) 48. Kh2 Rb2+ (48... Kxe4 $2 49. b7 $18) 49. Kxh3 $18) 47. a5 {[%emt 0:00:00] [#]} Rb1+ (47... Rd6 $1 $19 48. Kh2 Kxf3) 48. Kh2 $11 {[%emt 0:00:00] The position is equal.} Kxf3 49. Rg3+ Kxe4 50. Ra3 {[%emt 0:00:00] Wards off Ra1} Rb7 51. a6 Ra7 52. Kxh3 Kf4 53. Kg2 Ke4 54. Kf2 Kd5 55. Ke3 Kc5 56. Ke4 Kb5 57. Rb3+ Kxa6 58. Kf5 Rf7 (58... Rb7 $5 59. Ra3+ $8 Kb6 $11) 59. Ke6 Rb7 60. Ra3+ Kb5 {[%emt 0:00:27] ...Kb4 is the strong threat.} 61. Kxf6 e4 62. Re3 {[%emt 0:00:16] Whites escaped into a draw.   Weighted Error Value: White=0.44/Black=0.28 (precise) .  Loses game:     	White=2     	---        Missed win:     	White=1     	Black=2      Mistake:       	White=1     	Black=5      Inaccurate:     	White=3     	Black=1      OK:         	White=26    	Black=14     Best:        	White=5     	Black=6      Strong:       	---       	Black=1} 1/2-1/2

[Event "Czech Youth U14 Boys 2024"]
[Site "Kouty nad Desnou"]
[Date "2024.03.15"]
[Round "8.4"]
[White "Krivka, Matej"]
[Black "Stara, Zuzana"]
[Result "1-0"]
[ECO "B12"]
[WhiteElo "1850"]
[BlackElo "1807"]
[Annotator "NA COMBH"]
[PlyCount "85"]
[EventDate "2024.03.10"]
[EventType "swiss"]
[EventCountry "CZE"]
[SourceTitle "playchess.com"]
[Source "ChessBase"]
[SourceQuality "1"]
[TimeControl "40/5400+30:1800+30"]

1. e4 c6 2. d4 d5 3. f3 e6 4. Nc3 Nf6 5. Be3 Nbd7 6. e5 Ng8 7. f4 Ne7 8. Nf3 Nf5 9. Bf2 a6 10. Bd3 g6 11. O-O c5 12. Bxf5 gxf5 13. Ng5 Be7 14. Qh5 Bxg5 15. fxg5 Nf8 16. Na4 c4 17. b3 Ng6 18. Be1 Bd7 19. Bb4 Bxa4 20. bxa4 Qb6 21. Bc5 Qc6 22. Bd6 Qxa4 23. Rab1 b5 24. Qe2 Qa5 25. a4 Qb6 26. Bc5 Qc6 27. Rb4 Kd7 28. g4 f4 29. h4 Nxh4 30. Rxf4 Ke8 31. Qf2 Ng6 32. Rxf7 Rd8 33. Rb1 Rd7 34. Rf1 Kd8 35. axb5 axb5 36. Ra1 Re8 37. Rxd7+ Kxd7 38. Qf7+ Kc8 39. Ra7 Rd8 40. Bd6 Rxd6 41. exd6 Kb8 42. d7 Qb6 43. d8=Q+ 1-0

[Event "Czech Youth U14 Boys 2024"]
[Site "Kouty nad Desnou"]
[Date "2024.03.15"]
[Round "8.5"]
[White "Sotek, Simon"]
[Black "Komarek, Tobias"]
[Result "1/2-1/2"]
[ECO "B10"]
[WhiteElo "1793"]
[BlackElo "1822"]
[Annotator "NA COMBH"]
[PlyCount "114"]
[EventDate "2024.03.10"]
[EventType "swiss"]
[EventCountry "CZE"]
[SourceTitle "playchess.com"]
[Source "ChessBase"]
[SourceQuality "1"]
[TimeControl "40/5400+30:1800+30"]

1. e4 c6 2. c3 d5 3. exd5 cxd5 4. d4 Qc7 5. Na3 a6 6. Bd3 Nc6 7. h3 e6 8. Nc2 Bd6 9. Nf3 Bd7 10. Qe2 Nf6 11. Bd2 Na7 12. a4 Qb6 13. b4 O-O 14. O-O Qc6 15. Ne5 Bxe5 16. dxe5 Ne8 17. b5 Qc7 18. f4 Nc8 19. bxa6 bxa6 20. Kh1 a5 21. Rf3 g6 22. Rg3 Ng7 23. Nd4 Nb6 24. Nb5 Bxb5 25. Bxb5 Nc4 26. Bxc4 Qxc4 27. Qxc4 dxc4 28. Rf3 Rfd8 29. Ra2 Nf5 30. g4 Ne7 31. f5 exf5 32. Bg5 Rd1+ 33. Kg2 fxg4 34. hxg4 Nd5 35. Raf2 Ra7 36. e6 f6 37. Bxf6 Nxf6 38. Rxf6 Rd3 39. Rf8+ Kg7 40. R8f7+ Rxf7 41. Rxf7+ Kg8 42. Rc7 Re3 43. Rxc4 Rxe6 44. Kf3 Kf7 45. Rc5 h6 46. c4 Ra6 47. Ke4 Ke6 48. Rc8 Rb6 49. Rc5 Rb4 50. Rxa5 Rxc4+ 51. Kf3 h5 52. gxh5 gxh5 53. Ra8 Kd7 54. a5 Kc7 55. Rh8 Rc5 56. a6 Kb6 57. Rh6+ Ka7 1/2-1/2

[Event "Czech Youth U14 Boys 2024"]
[Site "Kouty nad Desnou"]
[Date "2024.03.15"]
[Round "8.6"]
[White "Kutil, Adam"]
[Black "Svadlenka, Michal"]
[Result "0-1"]
[ECO "B50"]
[WhiteElo "1820"]
[BlackElo "1869"]
[Annotator "NA COMBH"]
[PlyCount "90"]
[EventDate "2024.03.10"]
[EventType "swiss"]
[EventCountry "CZE"]
[SourceTitle "playchess.com"]
[Source "ChessBase"]
[SourceQuality "1"]
[TimeControl "40/5400+30:1800+30"]

1. e4 c5 2. Nf3 d6 3. c3 Nf6 4. Bd3 g6 5. Bc2 Bg7 6. O-O O-O 7. h3 b5 8. d4 a5 9. Be3 Qc7 10. Nbd2 Nbd7 11. Nh2 Ba6 12. f4 b4 13. Rf2 cxd4 14. cxd4 Rfc8 15. Rc1 Qb7 16. g4 Nb6 17. g5 Nfd7 18. Ng4 e5 19. fxe5 dxe5 20. d5 Nc4 21. Nxc4 Rxc4 22. Ba4 Rxc1 23. Bxc1 Qc7 24. Be3 Qd6 25. Qf3 Rf8 26. Bxd7 Qxd7 27. Nf6+ Bxf6 28. gxf6 Rc8 29. h4 h5 30. Rg2 Qd6 31. Bh6 Kh7 32. Bg7 Qc5+ 33. Kh2 Qc1 34. Rg5 Rc2+ 35. Rg2 Rxg2+ 36. Qxg2 Qf4+ 37. Kh1 Bd3 38. Qg5 Qxe4+ 39. Kh2 Qe2+ 40. Qg2 Qe3 41. Qg5 Qf2+ 42. Qg2 Qxh4+ 43. Kg1 Be4 44. Qe2 Qg3+ 45. Kf1 Bd3 0-1